 Dungeon Crawl Stone Soup version 0.21.1-1-g345015f (webtiles) character file.

186 inc the Magician (level 5, 21/21 HPs)
             Began as a Felid Ice Elementalist on June 16, 2018.
             Quit the game on level 4 of the Dungeon.
             The game lasted 00:04:21 (3742 turns).

inc the Magician (Felid Ice Elementalist)           Turns: 3742, Time: 00:04:21

Health: 21/21      AC:  2    Str:  6    XL:     5   Next: 38%
Magic:  14/14      EV: 18    Int: 18    God:
Gold:   93         SH:  0    Dex: 17    Spells: 11/15 levels left
                                        Lives:  0   Deaths: 1

rFire    . . .     SeeInvis +     - Unarmed
rCold    . . .     Gourm    .   (shield unavailable)
rNeg     . . .     Faith    .   (armour unavailable)
rPois    .         Spirit   .   (helmet unavailable)
rElec    .         Reflect  .   (cloak unavailable)
rCorr    .         Harm     .   (gloves unavailable)
MR       .....                  (boots unavailable)
Stlth    +++.......             (no amulet)
HPRegen  0.07/turn              m - +2 ring of strength (curse)
MPRegen  0.14/turn              (no ring)

@: quick
A: very small, no armour, no weapons or thrown items, stealth, claws 1, fangs 3,
see invisible, carnivore, speed 1, shaggy fur 2, slow metabolism 1, sharp paws
a: no special abilities


You were on level 4 of the Dungeon.
You were not hungry.

You visited 1 branch of the dungeon, and saw 4 of its levels.

You collected 93 gold pieces.

Inventory:

Jewellery
 m - a cursed +2 ring of strength (left paw)
Scrolls
 d - 2 scrolls of fog {unknown}
 e - 2 scrolls of fear {unknown}
 g - a scroll of blinking {unknown}
 h - 8 scrolls of identify {unknown}
 l - a scroll of enchant armour {unknown}
 p - a scroll of random uselessness {unknown}
 q - a scroll of teleportation {unknown}
Potions
 c - 2 potions of mutation {unknown}
 f - a potion of ambrosia {unknown}
 i - a potion of brilliance {unknown}
 j - 2 potions of resistance {unknown}
 k - 2 potions of agility {unknown}
 n - 2 potions of berserk rage {unknown}
 o - 2 potions of degeneration {unknown}
Books
 a - a book of Frost

   Spells                             Type                      Level
   a - Freeze                         Ice                          1
   b - Throw Frost                    Conjuration/Ice              2
   c - Ozocubu's Armour               Charms/Ice                   3
   d - Throw Icicle                   Conjuration/Ice              4
   e - Summon Ice Beast               Ice/Summoning                4
Comestibles
 b - 4 rations


   Skills:
 - Level 2.6 Dodging
 - Level 2.6 Stealth
 - Level 1.2 Unarmed Combat
 - Level 5.8 Spellcasting
   Level 0.8 Conjurations
 + Level 2.2 Charms
 - Level 2.6 Ice Magic


You had 11 spell levels left.
You knew the following spells:

 Your Spells              Type           Power        Failure   Level  Hunger
a - Freeze                Ice            ##..         4%          1    None
b - Ozocubu's Armour      Chrm/Ice       ##......     13%         3    ##.....


Dungeon Overview and Level Annotations

Branches:
Dungeon (4/15)
 Temple: D:4-7

Altars:

Annotations:
D:2 1 runed door
D:4 Menkaure


Innate Abilities, Weirdness & Mutations

You cannot wear armour.
You are incapable of wielding weapons or throwing items.
Your paws allow you to move quietly. (Stealth)
You have sharp claws.
You have razor-sharp teeth.
You have supernaturally acute eyesight. (SInv)
You are carnivorous and can eat meat at any time.
You cover ground quickly.
You are covered in thick fur. (AC +2)
You have a slow metabolism.
Your sharp claws are effective at attacking unaware monsters.


Message History

The tomahawk of returning hits you.
The weapon returns to the orc!
The orc wizard hits you but does no damage.
The orc throws a tomahawk of returning.
The tomahawk of returning barely misses you.
You see here a tomahawk of returning.
The orc wizard gestures at you while chanting.
The magic dart hits you!
* * * LOW HITPOINT WARNING * * *
The orc throws a tomahawk of returning.
The tomahawk of returning barely misses you.
The weapon returns to the orc!
The orc throws a tomahawk of returning.
The tomahawk of returning barely misses you.
The orc wizard points at you and mumbles some strange words.
The magic dart hits you!
You die...
You are now level 5!
You rejoin the land of the living...
Unknown command.
Are you sure you want to abandon this character and quit the game? (Confirm with "yes".)

#.#
#.#
#.#
#.#
#.#
#.#
#.#
#@#
#.#
#.#
#.#
...
###


There were no monsters in sight!

Vanquished Creatures
  Sigmund (D:2)
  Natasha (thrice) (D:2)
  4 adders
  An ooze (D:1)
  2 worms (D:2)
  A dart slug (D:1)
  3 leopard geckos
  6 bats
  12 giant cockroaches
  9 goblins
  4 hobgoblins
  4 kobolds
  4 quokkas
  3 frilled lizards
  13 rats
70 creatures vanquished.

Notes
Turn   | Place    | Note
-------+----------+-------------------------------------------
     0 | D:1      | inc the Felid Ice Elementalist began the quest for the Orb.
     0 | D:1      | Reached XP level 1. HP: 7/7 MP: 4/4
   176 | D:1      | Reached skill level 1 in Unarmed Combat
   263 | D:1      | Reached XP level 2. HP: 10/11 MP: 6/6
   920 | D:1      | Reached skill level 3 in Spellcasting
   923 | D:1      | Reached XP level 3. HP: 10/14 MP: 3/8
  1286 | D:2      | Noticed Sigmund
  1288 | D:2      | Noticed Natasha
  1295 | D:2      | Killed Natasha
  1395 | D:2      | Reached XP level 4. HP: 17/18 MP: 1/10
  1441 | D:2      | Reached skill level 4 in Spellcasting
  1635 | D:2      | Found a runed door.
  2051 | D:2      | Noticed Natasha
  2057 | D:2      | Killed Natasha
  2118 | D:2      | Killed Sigmund
  2118 | D:2      | Reached skill level 5 in Spellcasting
  2118 | D:2      | Reached XP level 5. HP: 5/21 MP: 4/14
  2118 | D:2      | Gained mutation: You are covered in thick fur. (AC +2) [Felid growth]
  2118 | D:2      | Reached XP level 6. HP: 6/24 MP: 4/15
  2589 | D:2      | Learned a level 3 spell: Ozocubu's Armour
  2690 | D:2      | Noticed Natasha
  2697 | D:2      | Killed Natasha
  2697 | D:2      | Reached skill level 1 in Charms
  3681 | D:4      | Noticed Menkaure
  3739 | D:4      | HP: 1/24 [orc wizard/magic dart (8)]
  3741 | D:4      | Killed from afar by an orc wizard
  3742 | D:4      | Reached XP level 5. HP: -2/21 MP: 13/14
  3742 | D:4      | Quit the game

Skill      XL: |  1  2  3  4  5  6 |
---------------+-------------------+-----
Unarmed Combat | 1 |  1.2
Spellcasting   | 3 5 |  5.8
Charms         | 2 |  2.2
Dodging        | |  2.6
Stealth        | |  2.6
Conjurations   | |  0.8
Ice Magic      | |  2.6

Action                   |  1- 3 |  4- 6 || total
-------------------------+-------+-------++-------
Melee: Unarmed           |    57 |    37 ||    94
       Bite              |     4 |     3 ||     7
       Punch             |     1 |       ||     1
 Cast: Freeze            |    18 |    60 ||    78
 Stab: Sleeping          |    10 |    12 ||    22
  Eat: Chunk             |     5 |     3 ||     8
Armor: Skin              |     3 |     5 ||     8
Dodge: Dodged            |    50 |    68 ||   118
